AoeStats
← Tinchi88

Lombardia

510157092Analyzed
2v2 RM · 2d ago on Sep 29, 2026· 40m 12s· 4 players
Game mode
Random Map
Map size
Medium (4 player)
Population
200
Speed
Normal
Resources
Standard
Victory
Conquest
Starting age
Dark Age
Ending age
Imperial Age
RankedLock teamsTeams togetherTeam positionsShared explorationLock speedFull tech treeHidden civsTurbo modeCheats
Victory
Defeat
🇦🇪 Hindustanis · United Arab Emirates
1177
+13
🇦🇪 Wei · United Arab Emirates
1162
+13
🇳🇱 Khmer · Netherlands
1114
-13
🇳🇱 Khmer · Netherlands
1113
-13
SSAHV
10:13 Feudal Age
14:14 Castle Age
13:47 Loom
16:57 Forging
17:27 Scale Barding Armor
17:50 Bloodlines
17:42 Husbandry
17:53 Double-Bit Axe
18:06 Gold Mining
27:39 Horse Collar
30:23 Pikeman
32:49 Scale Mail Armor
34:24 Bow Saw
34:39 Arson
36:14 Wheelbarrow
40:41 Hand Cart
40:13 Town Watch
Bert
5:00 Loom
8:16 Feudal Age
9:00 Double-Bit Axe
15:30 Bloodlines
16:09 Horse Collar
16:57 Scale Barding Armor
22:05 Castle Age
21:57 Fletching
22:58 Bow Saw
23:09 Husbandry
22:32 Crossbowman
23:12 Light Cavalry
27:38 Chain Barding Armor
27:34 Forging
28:50 Padded Archer Armor
29:17 Bodkin Arrow
31:05 Ballistics
30:56 Padded Archer Armor
34:22 Wheelbarrow
37:52 Pikeman
39:57 Scale Mail Armor
ParaBellum
7:14 Loom
9:45 Feudal Age
14:39 Forging
16:32 Horse Collar
17:56 Scale Mail Armor
21:01 Castle Age
19:34 Scale Mail Armor
22:37 Husbandry
22:51 Town Watch
23:42 Wheelbarrow
24:33 Iron Casting
24:13 Double-Bit Axe
24:56 Scale Barding Armor
26:06 Bloodlines
26:44 Chain Barding Armor
32:05 Gold Mining
32:35 Heavy Plow
32:48 Bow Saw
33:21 Gold Shaft Mining
37:15 Imperial Age
36:02 Hand Cart
37:21 Town Patrol
37:13 Stone Mining
37:58 Grand Trunk Road
38:19 Conscription
39:14 Chemistry
40:16 Two-Man Saw
38:42 Heavy Camel Rider
40:25 Blast Furnace
40:00 Shatagni
41:16 Stone Shaft Mining
Tinchi88
9:08 Feudal Age
8:08 Loom
9:45 Double-Bit Axe
10:16 Horse Collar
14:33 Forging
17:53 Scale Barding Armor
19:22 Wheelbarrow
22:29 Castle Age
20:45 Gold Mining
22:26 Bloodlines
23:26 Husbandry
24:38 Iron Casting
25:07 Bow Saw
31:06 Chain Barding Armor
32:00 Hand Cart
31:50 Fletching
32:10 Heavy Plow
32:29 Hand Cart
33:42 Town Watch
36:20 Town Patrol
38:51 Imperial Age
40:08 Bodkin Arrow
40:25 Thumb Ring
40:56 Parthian Tactics
Connection lost

Rejoining the realm…

Still unreachable

The connection could not be restored.

Session expired

The server has moved on; the page needs a fresh start.